 Dungeon Crawl Stone Soup version 0.30-a0-4-ga7cffc901d (webtiles) character file.

Game seed: 2773669333363130370

2 wingedge the Conjurer (level 1, 0/14 HPs)
             Began as a Mummy Conjurer on Aug 21, 2022.
             Slain by a giant cockroach (2 damage)
             ... on level 1 of the Dungeon.
             The game lasted 00:01:19 (100 turns).

wingedge the Conjurer (Mummy Conjurer)               Turns: 100, Time: 00:01:19

Health: 0/14       AC:  2    Str: 10    XL:     1   Next: 33%
Magic:  0/4        EV: 11    Int: 17    God:
Gold:   0          SH:  0    Dex: 10    Spells: 4/5 levels left

rFire   x . .      SeeInvis .    b - +0 sling
rCold   + . .      Faith    .    (no shield)
rNeg    + + +      Spirit   .    a - +0 robe
rPois   ∞          Reflect  .    (no helmet)
rElec   .          Harm     .    (no cloak)
rCorr   .          Rampage  .    (no gloves)
Will    .....                    (no boots)
Stlth   ++........               (no amulet)
HPRegen 0.04/turn                (no ring)
MPRegen 0.09/turn                (no ring)

@: very slightly contaminated
A: cold resistance 1, negative energy resistance 3, torment resistance 2, heat
vulnerability 1, no potions
a: no special abilities


You were on level 1 of the Dungeon.
You visited 1 branch of the dungeon, and saw 1 of its levels.

Inventory:

Hand Weapons
 b - a +0 sling (weapon)
Armour
 a - a +0 robe (worn)


   Skills:
 + Level 0.8 Fighting
 - Level 1.5 Dodging
 - Level 1.5 Stealth
 - Level 2.6 Spellcasting
 - Level 3.2 Conjurations


You had 4 spell levels left.
You knew the following spells:

 Your Spells              Type           Power      Damage    Failure   Level
a - Magic Dart            Conj           52%        1d5       4%          1

Your spell library contained the following spells:

 Spells                   Type           Power      Damage    Failure   Level
 Searing Ray              Conj           26%        2d5       7%          2
 Dazzling Flash           Conj/Hex       14%        N/A       28%         3
 Fulminant Prism          Conj/Hex       3%         3d6       67%         4
 Iskenderun's Mystic Bla  Conj/Tloc      7%         2d4       67%         4


Dungeon Overview and Level Annotations

Branches:
Dungeon (1/15)

Altars:


Innate Abilities, Weirdness & Mutations

You are immune to poison.
Your flesh is cold resistant. (rC+)
You are immune to negative energy. (rN+++)
You are immune to unholy pain and torment.
You are vulnerable to heat. (rF-)
You do not drink.


Message History

You shoot a sling bullet.
The sling bullet barely misses the giant cockroach.
The giant cockroach barely misses you.
Casting: Magic Dart (safe; 4% risk of failure)
Confirm with . or Enter, or press ? or * to list all spells.
Aiming: Magic Dart (safe; 4% risk of failure)
Press: ? - help, Shift-Dir - straight line, f/p - giant cockroach
Aim: a giant cockroach (severely wounded, 100% to hit)
You miscast Magic Dart.
You are very lightly contaminated with residual magic.
Nothing appears to happen.
The giant cockroach bites you but does no damage.
Fire: b) +0 sling
Press: ? - help, Q - select action, (/) - cycle Shift-Dir - straight line, f/p - giant cockroach
Aim: a giant cockroach (severely wounded, 50% to hit)
You shoot a sling bullet.
The sling bullet hits the giant cockroach but does no damage.
The giant cockroach is severely wounded.
The giant cockroach bites you. The giant cockroach closely misses you.
Fire: b) +0 sling
Press: ? - help, Q - select action, (/) - cycle Shift-Dir - straight line, f/p - giant cockroach
Aim: a giant cockroach (severely wounded, 50% to hit)
You shoot a sling bullet.
The sling bullet hits the giant cockroach but does no damage.
The giant cockroach is severely wounded.
The giant cockroach bites you.
* * * LOW HITPOINT WARNING * * *
The giant cockroach bites you.
* * * LOW HITPOINT WARNING * * *
You can't drink.
Unknown command.
You aren't carrying any scrolls.
Fire: b) +0 sling
Press: ? - help, Q - select action, (/) - cycle Shift-Dir - straight line, f/p - giant cockroach
Aim: a giant cockroach (severely wounded, 50% to hit)
You shoot a sling bullet.
The sling bullet hits the giant cockroach but does no damage.
The giant cockroach is severely wounded.
The giant cockroach barely misses you. The giant cockroach bites you.
You die...

....# ###
###.#.. ..
...... .......
.#... ##### ?..
#...### #B#
+.<.'.###@######
#...#..........+
#####..#########
#..# ####


You could see a giant cockroach.

Vanquished Creatures
  An endoplasm (D:1)
  A hobgoblin (D:1)
2 creatures vanquished.

Notes
Turn   | Place    | Note
-------+----------+-------------------------------------------
     0 | D:1      | wingedge the Mummy Conjurer began the quest for the Orb.
     0 | D:1      | Reached XP level 1. HP: 13/13 MP: 4/4
   100 | D:1      | Slain by a giant cockroach

Illustrated notes

Levels and vault maps discovered:
D:1:      dpeg_arrival_tiny_h, layout_basic, minmay_crystal_room

Action                   || total
-------------------------++-------
 Fire: Sling             ||    18
 Cast: Magic Dart        ||    10
Armor: Robe              ||     8
Dodge: Dodged            ||    15

Table legend: (Time is in decaauts)
 A = Elapsed time spent in this place.
 B = Non-inter-level travel time spent in this place.
 C = Inter-level travel time spent in this place.
 D = Time resting spent in this place.
 E = Time spent auto-exploring this place.
 F = Levels seen in this place.
 G = Mean time per level.
                   A        B        C        D        E       F      G
               +--------+--------+--------+--------+--------+-----+--------+
         Total |    106 |    106 |      0 |     48 |      0 |   1 |  106.0 |
       Dungeon |    106 |    106 |      0 |     48 |      0 |   1 |  106.0 |
               +--------+--------+--------+--------+--------+-----+--------+

Top non-repeatable levels by time:
     D:1: 106 daAuts
